 Dungeon Crawl Stone Soup version 0.15.0-12-gccce430 (webtiles) character file.

3504 Patate the Fighter (level 9, -1/135 HPs)
             Began as a Minotaur Berserker on Sept 1, 2014.
             Was an Elder of Trog.
             Slain by Joseph
             ... wielding a +1 quarterstaff of holy wrath
              (28 damage)
             ... on Level 8 of the Dungeon.
             The game lasted 00:43:27 (10246 turns).

Patate the Fighter (Minotaur Berserker)            Turns: 10246, Time: 00:43:28

HP  -1/135       AC 11     Str 27      XL: 9   Next: 80%
MP   4/4         EV  8     Int  4      God: Trog [****..]
Gold 542         SH  0     Dex 11      Spells:  0 memorised,  8 levels left

rFire  . . .     SeeInvis .     A - +0 broad axe
rCold  + . .     Clarity  .     d - +0 chain mail
rNeg   . . .     rCorr    .     (no shield)
rPois  .         rRot     .     (helmet restricted)
rElec  .         Spirit   .     (no cloak)
SustAb .         Warding  .     (no gloves)
rMut   .         Stasis   .     (no boots)
Gourm  .                        (no amulet)
MR     ++...                    (no ring)
                                (no ring)

@: berserking, regenerating, very quick, very resistant to hostile enchantments,
extremely unstealthy
A: retaliatory headbutt, horns 2, breathe flames 1, cold resistance 1, weak 1
a: Burn Spellbooks, Berserk, Trog's Hand, Brothers in Arms, Renounce Religion,
Breathe Fire


You were on level 8 of the Dungeon.
You worshipped Trog.
Trog was greatly pleased with you.
You were hungry.

You visited 2 branches of the dungeon, and saw 9 of its levels.

You collected 542 gold pieces.

Inventory:

Hand weapons
 A - a +0 broad axe (weapon)
Armour
 d - a +0 chain mail (worn)
 e - a +0 animal skin
Magical devices
 w - a wand of flame (7)
 y - a wand of polymorph (8) {unknown}
 B - a wand of disintegration (6)
 L - a wand of polymorph (12) {unknown}
Comestibles
 a - 5 beef jerkies
 c - 6 bread rations
 m - 3 meat rations
 x - 8 slices of pizza
 E - 5 fruits
 M - 4 rotting chunks of centaur flesh
 N - a chunk of orc flesh
Scrolls
 b - 4 scrolls of remove curse
 f - 2 scrolls of blinking {unknown}
 i - a scroll of fog {unknown}
 n - 2 scrolls of enchant weapon {unknown}
 o - 2 scrolls of fear {unknown}
 p - 2 scrolls of immolation {unknown}
 q - 2 scrolls of recharging {unknown}
 s - 2 scrolls of teleportation {unknown}
 u - 5 scrolls of identify
 D - a scroll of amnesia {unknown}
 F - a scroll of enchant armour {unknown}
 J - a scroll of magic mapping {unknown}
 O - a scroll of noise {unknown}
Jewellery
 g - an uncursed ring of sustain abilities
 k - an uncursed amulet of clarity {unknown}
 r - a +5 ring of slaying
 t - an uncursed amulet of resist corrosion {unknown}
 v - an uncursed amulet of resist mutation {unknown}
 z - an uncursed ring of magical power {unknown}
 C - an uncursed amulet of the gourmand {unknown}
 G - an uncursed ring of protection from fire {unknown}
Potions
 h - 5 potions of curing
 j - 2 potions of agility
 l - a potion of might
 H - a potion of restore abilities
 I - 2 potions of haste
 K - a potion of resistance


   Skills:
 * Level 12.1 Fighting
 + Level 9.2 Axes
 + Level 8.8 Armour
 - Level 2.1 Dodging


You had 8 spell levels left.
You didn't know any spells.

Dungeon Overview and Level Annotations

Branches:
Dungeon (8/15)             Temple (1/1) D:4
   Lair: D:8-11

Altars:
Ashenzari
Cheibriados
Dithmenos
Elyvilon
Fedhas
Makhleb
Nemelex Xobeh
Okawaru
Qazlal
Sif Muna
Trog
Vehumet
Xom
Yredelemnul
Zin
The Shining One

Shops:
D:4 %:   D:7 ?

Annotations:
D:4 S. Food
D:7 S. Scrolls
D:8 Joseph


Innate Abilities, Weirdness & Mutations

You reflexively headbutt those who attack you in melee.
You have a pair of horns on your head.
You can breathe flames.
Your flesh is cold resistant.
You are weak. (Str -2)


Message History

You closely miss Joseph. You headbutt Joseph!
Joseph is moderately wounded.
Your two-headed ogre barely misses Joseph.
Your two-headed ogre hits Joseph with a giant club!!
Joseph unwields an uncursed hunting sling of flaming.
It stops flaming.
Joseph wields an uncursed quarterstaff of holy wrath.
It softly glows with a divine radiance!
Joseph hits you with an uncursed quarterstaff of holy wrath!!
* * * LOW HITPOINT WARNING * * *
Use which ability? (? or * to list)
A red film seems to cover your vision as you go berserk!
You feel yourself moving faster!
You feel mighty!
You are feeling hungry.
Your two-headed ogre barely misses Joseph.
Your two-headed ogre closely misses Joseph.
You hit Joseph.
Joseph is severely wounded.
Joseph hits you with an uncursed quarterstaff of holy wrath!!
You die...

### #...# ### ...
. ... ..# ##.##.#
# ##.## #...#.#
#... ..... #..#
...# #..#######
###.#######
#........#
#O@.......#
#.######.#
#@#.#####.# #.#
#.# #.#@#.# #.#
###### ###.# #.#
#.#..#.##.###.....
....# #.#
#.#.###..^.#.....#
##### #.# #.(##
##.........# # #.#
#.#.###....#.....#
# #.#
#.##.#.##.###...##
# #.# #.##..###.#
##### #
#.#####.........#


You could see Joseph and a friendly two-headed ogre (berserk).

Vanquished Creatures
  Pikel (D:4)
  A wyvern (D:6)
  Eustachio (D:4)
  A hog (D:7)
  A yak (D:7)
  A human (D:7)
  A hippogriff (D:8)
  Edmund (D:7)
  A hungry ghost (D:8)
  An ice beast (D:7)
  2 slaves (D:4)
  A centaur (D:8)
  A necrophage (D:6)
  2 ogres
  2 phantoms (D:7)
  Sigmund (D:2)
  Duvessa (D:7)
  Blork the orc (D:4)
  A giant frog (D:7)
  2 scorpions
  A crimson imp (D:7)
  Dowan (D:7)
  3 hounds
  5 orc priests
  A giant frog skeleton (D:5)
  3 jellies
  An iguana (D:4)
  4 orc wizards
  3 worker ants
  Natasha (thrice) (D:3)
  A killer bee zombie (D:7)
  2 sheep (D:7)
  Ijyb (D:5)
  A hound zombie (D:7)
  10 adders
  A gnoll (D:4)
  A white imp (D:3)
  4 worms (D:3)
  4 giant geckos
  An ooze (D:1)
  27 orcs
  A bat zombie (D:5)
  5 giant cockroaches
  13 goblins
  14 hobgoblins
  6 jackals
  15 kobolds
  5 quokkas
  16 bats
  A giant gecko skeleton (D:5)
  4 giant newts
  An orc skeleton (D:6)
  A quokka skeleton (D:5)
  22 rats
  3 ballistomycetes (D:7)
209 creatures vanquished.

Vanquished Creatures (others)
  A giant spore (D:7)
1 creature vanquished.

Grand Total: 210 creatures vanquished

Notes
Turn   | Place    | Note
--------------------------------------------------------------
     0 | D:1      | Patate, the Minotaur Berserker, began the quest for the Orb.
     0 | D:1      | Reached XP level 1. HP: 19/19 MP: 1/1
    61 | D:1      | Reached skill level 4 in Fighting
   385 | D:1      | Reached XP level 2. HP: 27/27 MP: 1/1
   548 | D:1      | Gained mutation: You can breathe flames. [potion of mutation]
   548 | D:1      | Gained mutation: You are weak. (Str -2) [potion of mutation]
   548 | D:1      | Gained mutation: Your flesh is cold resistant. [potion of mutation]
  1372 | D:2      | Reached XP level 3. HP: 31/34 MP: 2/2
  1593 | D:2      | Found a sparkling altar of Nemelex Xobeh.
  1594 | D:2      | Acquired Trog's second power
  1862 | D:2      | Reached skill level 5 in Fighting
  1862 | D:2      | Reached XP level 4. HP: 40/42 MP: 2/2
  1934 | D:2      | Noticed Sigmund
  2386 | D:2      | Killed Sigmund
  2386 | D:2      | Reached XP level 5. HP: 38/50 MP: 2/2
  2904 | D:3      | Reached skill level 6 in Fighting
  3197 | D:3      | Noticed Natasha
  3202 | D:3      | Killed Natasha
  3214 | D:3      | Noticed Natasha
  3228 | D:3      | Killed Natasha
  3408 | D:3      | Noticed Natasha
  3418 | D:3      | Killed Natasha
  3843 | D:3      | Reached skill level 5 in Axes
  3843 | D:3      | Reached XP level 6. HP: 55/58 MP: 3/3
  4312 | D:4      | Noticed Blork the orc
  4333 | D:4      | Killed Blork the orc
  4799 | D:4      | Found Frimm's Book Boutique.
  4837 | D:4      | Found Jozeloh's Food Emporium.
  4891 | D:4      | Found a staircase to the Ecumenical Temple.
  4908 | Temple   | Entered the Ecumenical Temple
  4921 | Temple   | Reached skill level 7 in Fighting
  5098 | D:4      | Noticed Pikel
  5272 | D:4      | Reached skill level 5 in Armour
  5328 | D:4      | Reached XP level 7. HP: 51/66 MP: 3/3
  5789 | D:4      | Noticed Eustachio
  5807 | D:4      | Killed Eustachio
  5807 | D:4      | Reached skill level 8 in Fighting
  5857 | D:4      | Acquired Trog's third power
  5897 | D:4      | Killed Pikel
  5897 | D:4      | Reached skill level 9 in Fighting
  5897 | D:4      | Reached XP level 8. HP: 62/78 MP: 3/3
  6171 | D:5      | Entered Level 5 of the Dungeon
  6191 | D:5      | Noticed Ijyb
  6198 | D:5      | Killed Ijyb
  6215 | D:5      | Found a radiant altar of Vehumet.
  6301 | D:5      | Found a bloodstained altar of Trog.
  7258 | D:6      | Found a shimmering altar of Xom.
  7463 | D:6      | Reached skill level 10 in Fighting
  8146 | D:7      | Reached XP level 9. HP: 78/86 MP: 4/4
  8490 | D:7      | Found a burning altar of Makhleb.
  8514 | D:7      | Found Kuitt's Magic Scroll Shoppe.
  8599 | D:7      | Noticed Edmund
  8606 | D:7      | Killed Edmund
  8606 | D:7      | Reached skill level 11 in Fighting
  8960 | D:7      | Noticed Duvessa
  8960 | D:7      | Noticed Dowan
  8980 | D:7      | Killed Duvessa
  9015 | D:7      | Killed Dowan
  9189 | D:7      | Found a stormy altar of Qazlal.
  9489 | D:7      | Found a white marble altar of Elyvilon.
  9798 | D:8      | Found an iron altar of Okawaru.
  9880 | D:8      | Reached skill level 12 in Fighting
 10129 | D:8      | Found a shimmering altar of Xom.
 10129 | D:8      | Noticed an angel
 10130 | D:8      | Found a glowing silver altar of Zin.
 10228 | D:8      | Noticed Joseph
 10246 | D:8      | Slain by Joseph

Action                   |  1- 3 |  4- 6 |  7- 9 || total
-------------------------+-------+-------+-------++-------
Melee: Hand axe          |    67 |   233 |    58 ||   358
       Broad axe         |       |       |   268 ||   268
Invok: Berserk           |       |     3 |     2 ||     5
       Trog's Hand       |       |     1 |     2 ||     3
       Burn Spellbooks   |       |       |     2 ||     2
       Brothers in Arms  |       |       |     1 ||     1
  Use: Potion            |     1 |     8 |     5 ||    14
       Scroll            |       |       |     3 ||     3
 Stab: Invisible         |       |       |     1 ||     1
  Eat: Chunk             |     2 |    14 |    17 ||    33
       Pizza             |       |       |     1 ||     1
